 Dungeon Crawl Stone Soup version 0.19.5 (webtiles) character file.

11 tidbits the Charmwright (level 2, -1/19 HPs)
             Began as a High Elf Skald on Nov 8, 2017.
             Slain by a giant cockroach (2 damage)
             ... on level 2 of the Dungeon.
             The game lasted 00:01:35 (183 turns).

tidbits the Charmwright (High Elf Skald)             Turns: 183, Time: 00:01:36

Health: -1/19      AC:  3    Str: 11    XL:     2   Next: 17%
Magic:  1/6        EV: 11    Int: 15    God:
Gold:   11         SH:  0    Dex: 14    Spells: 1 memorised, 5 levels left

rFire  . . .     SeeInvis .     a - +0 falchion
rCold  . . .     Gourm    .     b - +0 leather armour
rNeg   . . .     Faith    .     (no shield)
rPois  .         Spirit   .     (no helmet)
rElec  .         Reflect  .     (no cloak)
rCorr  .         Harm     .     (no gloves)
MR     .....                    (no boots)
Stlth  +.........               (no amulet)
                                (no ring)
                                (no ring)

@: infused
A: no striking features
a: no special abilities


You were on level 2 of the Dungeon.
You were not hungry.

You visited 1 branch of the dungeon, and saw 3 of its levels.

You collected 11 gold pieces.

Inventory:

Hand Weapons
 a - a +0 falchion (weapon)
Missiles
 f - 20 sling bullets
 g - 4 curare-tipped needles
Armour
 b - a +0 leather armour (worn)
Scrolls
 e - a scroll of identify {unknown}
 h - a scroll of amnesia {unknown}
Potions
 i - a potion of ambrosia {unknown}
Books
 c - a book of Battle

   Spells                             Type                      Level
   a - Infusion                       Charms                       1
   b - Shroud of Golubria             Charms/Translocation         2
   c - Song of Slaying                Charms                       2
   d - Spectral Weapon                Hexes/Charms                 3
   e - Regeneration                   Charms/Necromancy            3
Comestibles
 d - a bread ration


   Skills:
 + Level 2.1 Fighting
 + Level 2.6 Long Blades
 + Level 1.1 Armour
 + Level 1.4 Dodging
 + Level 2.5 Spellcasting
 + Level 3.8 Charms


You had 5 spell levels left.
You knew the following spells:

 Your Spells              Type           Power        Failure   Level  Hunger
i - Infusion              Chrm           ##..         10%         1    #......


Dungeon Overview and Level Annotations

Branches:
Dungeon (3/15)

Altars:
Elyvilon


Message History

Casting: Infusion
Confirm with . or Enter, or press ? or * to list all spells.
You begin infusing your attacks with magical energy.
You hit the hobgoblin.
You kill the hobgoblin!
Okay, then.
You open the door.
There is an open door here.
Found 5 gold pieces and a scroll labeled ZISUNNASIZ.
You now have 11 gold pieces (gained 5).
A hobgoblin comes into view. It is wielding a club.
Found a white marble altar of Elyvilon.
Found 6 sling bullets.
The hobgoblin shouts!
You see here a scroll labeled ZISUNNASIZ.
h - a scroll labeled ZISUNNASIZ
Casting: Infusion
Confirm with . or Enter, or press ? or * to list all spells.
You miscast Infusion.
You are very lightly contaminated with residual magic.
Nothing appears to happen.
You hit the hobgoblin.
The hobgoblin is heavily wounded.
The hobgoblin hits you but does no damage.
A dart slug comes into view.
You hit the hobgoblin.
You kill the hobgoblin!
You have reached level 2!
You found a teleport trap!
You see here a club.
Your magical infusion is running out.
The dart slug launches a dart at you. The slug dart hits you!
You hit the dart slug!
The dart slug is almost dead.
The dart slug barely misses you.
You hit the dart slug!
You kill the dart slug!
You enter the shallow water.
Moving in this stuff is going to be slow.
You are no longer magically infusing your attacks.
There is a white marble altar of Elyvilon here.
You kneel at the altar of Elyvilon.
You enter the shallow water.
Moving in this stuff is going to be slow.
Found a metallic red potion.
Your magical contamination has completely faded away.
A kobold comes into view. It is wielding a whip.
The kobold throws a stone.
The stone closely misses you.
You see here a stone.
The kobold throws a stone.
The stone barely misses you.
The kobold throws a stone.
The stone hits you but does no damage.
The kobold throws a stone.
The stone hits you but does no damage.
You see here a stone.
The kobold throws a stone.
The stone hits you.
Things that are here:
a stone; a metallic red potion
Okay, then.
i - a metallic red potion A kobold comes into view.
It is wielding a whip.
The kobold shouts!
The kobold hits you with a whip.
Casting: Infusion
Confirm with . or Enter, or press ? or * to list all spells.
You begin infusing your attacks with magical energy.
The kobold closely misses you.
You riposte.
You barely miss the kobold. You hit the kobold.
The kobold is severely wounded.
The kobold barely misses you.
You closely miss the kobold.
The kobold is severely wounded.
The kobold throws a stone.
The stone hits you but does no damage.
You hit the kobold.
You kill the kobold!
The kobold throws a stone.
The stone hits you but does no damage.
The kobold throws a stone.
The stone closely misses you.
A giant cockroach comes into view.
The kobold throws a stone.
The stone hits you.
You see here a stone.
The kobold hits you but does no damage.
You hit the kobold.
The kobold is moderately wounded.
The kobold barely misses you.
You riposte.
You completely miss the kobold.
The kobold is moderately wounded.
You closely miss the kobold.
The kobold is moderately wounded.
The kobold hits you with a whip.
* * * LOW HITPOINT WARNING * * *
You closely miss the kobold.
The kobold is moderately wounded.
The giant cockroach barely misses you. The kobold barely misses you.
You riposte.
You closely miss the kobold.
The kobold is moderately wounded.
The giant cockroach bites you but does no damage.
The kobold hits you with a whip.
* * * LOW HITPOINT WARNING * * *
You closely miss the kobold.
The kobold is moderately wounded.
The giant cockroach bites you.
You die...

####. #...#
###...### #
#.......#.#
.........#
......#
###.K.#
##..@s.##
##..(....##
#.).≈≈≈...#
#.(≈≈≈≈≈..#.#
#(.≈≈♣≈≈..#.#
#(.≈≈≈≈≈....
♣...≈≈≈...♣##
♣♣.......♣♣
♣♣((...♣♣


You could see a giant cockroach and a kobold.

Vanquished Creatures
  A dart slug (D:2)
  A goblin (D:1)
  2 hobgoblins (D:2)
  4 kobolds
  A frilled lizard (D:1)
  A toadstool (D:1)
10 creatures vanquished.

Notes
Turn   | Place    | Note
-------+----------+-------------------------------------------
     0 | D:1      | tidbits the High Elf Skald began the quest for the Orb.
     0 | D:1      | Reached XP level 1. HP: 14/14 MP: 4/4
    75 | D:3      | Reached skill level 1 in Armour
   144 | D:2      | Found a white marble altar of Elyvilon.
   151 | D:2      | Reached XP level 2. HP: 19/19 MP: 1/6
   182 | D:2      | HP: 1/19 [kobold/whip (6)]
   183 | D:2      | Slain by a giant cockroach

Skill      XL: |  1 |
---------------+----+-----
Armour         | 1 |  1.1
Fighting       | |  2.1
Long Blades    | |  2.6
Dodging        | |  1.4
Spellcasting   | |  2.5
Charms         | |  3.8

Action                   || total
-------------------------++-------
Melee: Falchion          ||    25
 Cast: Infusion          ||     5
Armor: Leather armour    ||     7
Dodge: Dodged            ||    15
       Rpst.: Falchion   ||     6

Table legend:
 A = Turns spent in this place as a percentage of turns spent in the entire game.
 B = Non-inter-level travel turns spent in this place as a percentage of non-inter-level travel turns spent in the entire game.
 C = Inter-level travel turns spent in this place as a percentage of turns spent in this place.
 D = Turns resting spent in this place as a percentage of non-inter-level travel turns spent in this place.
 E = Turns spent auto-exploring this place as a percentage of non-inter-level travel turns spent in this place.
 F = Non-inter-level travel turns spent in this place divided by the number of levels of this place that you've seen.
                   A       B       C       D       E      F
               +-------+-------+-------+-------+-------+----------------------
         Total | 100.0 | 100.0 |   0.0 |   0.0 |   0.0 |  58.0
       Dungeon | 100.0 | 100.0 |   0.0 |   0.0 |   0.0 |  58.0
               +-------+-------+-------+-------+-------+----------------------

Table legend:
 A = Kills in this place as a percentage of kills in entire the game.
 B = Kills by you in this place as a percentage of kills by you in the entire game.
 C = Kills by friends in this place as a percentage of kills by friends in the entire game.
 D = Other kills in this place as a percentage of other kills in the entire game.
 E = Experience gained in this place as a percentage of experience gained in the entire game.
 F = Experience gained in this place divided by the number of levels of this place that you have seen.
                   A       B       C       D       E      F
               +-------+-------+-------+-------+-------+----------------------
         Total | 100.0 | 100.0 |  -nan |  -nan | 100.0 |   5.7
       Dungeon | 100.0 | 100.0 |  -nan |  -nan | 100.0 |   5.7
               +-------+-------+-------+-------+-------+----------------------

Vault maps used:
D:1:      ldierk_water_garden, serial_forest, infiniplex_forest_end_2,
          infiniplex_forest_straight_1, infiniplex_forest_clump_double,
          infiniplex_forest_clump_tiny
D:2:      elyvilon_altar_3
D:3:      mumra_celtic_spiral_tile, chequers_temple_overflow_statue_of_worship
